 Dungeon Crawl Stone Soup version 0.31-a0-963-ga325b2283a (webtiles) character file.

Game seed: 9859875554705986441

120 Pixllover the Chopper (level 5, -5/47 HPs)
             Began as a Hill Orc Monk on Oct 25, 2023.
             Slain by a gnoll
             ... wielding a +1 flail of protection
             ... led by a gnoll bouda
              (7 damage)
             ... on level 6 of the Dungeon.
             The game lasted 00:02:37 (2853 turns).

Pixllover the Chopper (Hill Orc Monk)               Turns: 2853, Time: 00:02:38

Health: -5/47      AC:  4    Str: 16    XL:     5   Next: 4%
Magic:  5/5        EV:  8    Int: 10    God:
Gold:   133        SH: 11    Dex: 13    Spells: 4/4 levels left

rFire   . . .        a - +0 hand axe
rCold   . . .        m - +0 tower shield
rNeg    . . .        b - +0 robe
rPois   .            q - +0 helmet
rElec   .            (no cloak)
rCorr   .            (no gloves)
SInv    .            k - +0 pair of boots
Will    .....        (no amulet)
Stlth   +            (no ring)
HPRegen 0.27/turn    (no ring)
MPRegen 0.09/turn

%: no passive effects
@: weakened
A: no striking features
a: no special abilities


You were on level 6 of the Dungeon.
You visited 1 branch of the dungeon, and saw 6 of its levels.

You collected 133 gold pieces.

Inventory:

Hand Weapons
 a - a +0 hand axe (weapon)
Missiles
 p - 2 boomerangs
Armour
 b - a +0 robe (worn)
 d - an orb of light
 k - a +0 pair of boots (worn)
 m - a +0 tower shield (worn)
 q - a +0 helmet (worn)
Scrolls
 e - 4 scrolls of identify {unknown}
 h - a scroll of fog {unknown}
 n - 2 scrolls of teleportation {unknown}
 o - a scroll of amnesia {unknown}
Potions
 c - a potion of ambrosia
 f - 2 potions of heal wounds {unknown}
 g - 3 potions of lignification {unknown}
 i - a potion of magic {unknown}
 j - 2 potions of curing {unknown}
 l - a potion of haste {unknown}


   Skills:
 + Level 4.5 Fighting
 + Level 5.8 Axes
 + Level 3.0 Dodging
 + Level 0.3 Stealth
 + Level 0.1 Shields


You had 4 spell levels left.
You didn't know any spells.
Your spell library contained the following spells:

 Spells                   Type           Power      Damage    Failure   Level
 Apportation              Tloc           0%         N/A       99%         1
 Jinxbite                 Hex            0%         N/A       100%        2
 Alistair's Intoxication  Tmut/Pois      0%         N/A       100%        5


Dungeon Overview and Level Annotations

Branches:
Dungeon (6/15)             Temple (0/1) D:5

Altars:


Message History

You hit the gnoll bouda but do no damage.
The gnoll bouda barks out a call to the hunt!
The gnolls pick up the pace!
The gnoll barely misses you.
You barely miss the gnoll.
The gnoll is moderately wounded.
You barely miss the gnoll bouda. You block the gnoll's attack.
The gnoll bouda gazes fiercely through you!
You feel as though you will be weak longer.
The gnoll bouda hits you but does no damage.
A gnoll comes into view. It is wielding a +0 whip.
The gnoll bouda gazes fiercely through you!
You feel as though you will be weak longer.
The gnoll bouda hits you with a +0 club.
* * * LOW HITPOINT WARNING * * *
You block the gnoll's attack. The gnoll hits you but does no damage.
There is a stone staircase leading down here.
The gnoll bouda calls upon its god to heal the gnoll.
The gnoll's wounds heal themselves!
You block the gnoll's attack.
You climb downwards.
You hear the hiss of flowing sand.
There is an entrance to an ossuary on this level.
Hurry and find it before the portal is buried!
Found a club and an onyx ring.
Found a stone staircase leading down.
There is a stone staircase leading up here.
You hit the gnoll but do no damage.
You hit the gnoll bouda but do no damage.
The howler monkey howls!
You hear an angry hiss.
The howler monkey hoots and howls with incredible vigour!
You block the gnoll's attack.
The gnoll bouda hits you with a +0 club!
* * * LOW HITPOINT WARNING * * *
You hear a shout!
You hear an angry hiss.
You hear a bark!
You hear a shout!
You barely miss the gnoll.
You hit the gnoll bouda but do no damage.
You block the gnoll's attack. The gnoll bouda closely misses you.
An orc wizard comes into view. It is wielding a +0 dagger.
You block the gnoll bouda's attack.
The gnoll hits you with a +1 flail of protection!
You die...

# .. ... ...h
...l.
......######
.......@g..#
......g.....#
.............#
.............#
....>........#
....=........#
.............#
.........o...#


You could see a gnoll bouda, a howler monkey, an iguana, an orc wizard
(wandering) and a gnoll (swift).

Vanquished Creatures
  A hound (D:5)
  Jessica (D:3)
  An adder (D:3)
  A shadow imp (D:5)
  2 worms (D:3)
  3 dart slugs (D:1)
  An orc (D:3)
  3 bats
  2 endoplasms
  A giant cockroach (D:1)
  3 goblins
  5 hobgoblins
  4 jackals
  3 kobolds
  A quokka (D:1)
  A ball python (D:1)
  3 rats (D:1)
36 creatures vanquished.

Notes
Turn   | Place    | Note
-------+----------+-------------------------------------------
     0 | D:1      | Pixllover the Hill Orc Monk began the quest for the Orb.
     0 | D:1      | Reached XP level 1. HP: 19/19 MP: 1/1
   180 | D:1      | Reached XP level 2. HP: 27/27 MP: 2/2
   673 | D:1      | Reached XP level 3. HP: 25/33 MP: 3/3
  1600 | D:3      | Noticed Jessica
  1616 | D:3      | Killed Jessica
  1617 | D:3      | Reached skill level 5 in Axes
  1617 | D:3      | Reached XP level 4. HP: 26/41 MP: 4/4
  1894 | D:3      | Found a faded altar of an unknown god.
  1941 | D:3      | Identified the +7 quarterstaff of Anger {freeze, *Slow
                  | rPois Dex+5}
  2684 | D:4      | Noticed an ogre
  2690 | D:5      | Entered Level 5 of the Dungeon
  2704 | D:5      | Reached XP level 5. HP: 15/47 MP: 5/5
  2840 | D:5      | Found a staircase to the Ecumenical Temple.
  2852 | D:6      | HP: 2/47 [gnoll bouda/+0 club (8)]
  2853 | D:6      | Slain by a gnoll

Illustrated notes

Levels and vault maps discovered:
D:1:      lemuel_arrival_behind_the_door_small, layout_basic, minivault_14
D:2:      wander_river, layout_rooms, fountainhead
D:3:      layout_basic, chequers_ecumenical_altar_simple,
          minmay_misc_feat_enclosed, uniq_jessica
D:4:      layout_cave_pools, guppyfry_early_orc_mine, uniq_pikel, uniq_sigmund
D:5:      layout_loops_ring, minitemple, gammafunk_temple_overflow_forgotten,
          nemelex_xobeh_ov_fountains_minmay, minmay_temple_entry_mini_moons,
          uniq_edmund
D:6:      layout_rooms, mainiacjoe_ossuary_entry_find_the_door,
          serial_bayou_lake_a

Skill      XL: |  1  2  3  4 |
---------------+-------------+-----
Fighting       | 4 |  4.5
Axes           | 5 |  5.8
Dodging        | 3 |  3.0
Stealth        | |  0.3
Shields        | |  0.1

Action                     |  1- 3 |  4- 6 || total
---------------------------+-------+-------++-------
  Melee: Hand axe          |    70 |    75 ||   145
 Armour: Robe              |    42 |    50 ||    92
  Dodge: Dodged            |    47 |    39 ||    86
  Block: Tower shield      |       |    21 ||    21

Table legend: (Time is in decaauts)
 A = Elapsed time spent in this place.
 B = Non-inter-level travel time spent in this place.
 C = Inter-level travel time spent in this place.
 D = Time resting spent in this place.
 E = Time spent auto-exploring this place.
 F = Levels seen in this place.
 G = Mean time per level.
                   A        B        C        D        E       F      G
               +--------+--------+--------+--------+--------+-----+--------+
         Total |   2890 |   2771 |    119 |    399 |   1846 |   6 |  481.7 |
       Dungeon |   2890 |   2771 |    119 |    399 |   1846 |   6 |  481.7 |
               +--------+--------+--------+--------+--------+-----+--------+

Top non-repeatable levels by time:
     D:1: 1098 daAuts
     D:3: 1092 daAuts
     D:2: 512 daAuts
     D:5: 169 daAuts
     D:4: 16 daAuts
     D:6: 2 daAuts
